 Dungeon Crawl Stone Soup version 0.26.0-45-g9c1d065592 (webtiles) character file.

Game seed: 3644643104866253675

(classic levelgen) 75 thiole the Stinger (level 4, -1/27 HPs)
             Began as an Octopode Venom Mage on Jan 30, 2021.
             Slain by Crazy Yiuf
             ... wielding a +3 quarterstaff of chaos
              (14 damage)
             ... on level 2 of the Dungeon.
             The game lasted 00:04:17 (2198 turns).

thiole the Stinger (Octopode Venom Mage)            Turns: 2198, Time: 00:04:17

Health: -1/27      AC:  1    Str:  7    XL:     4   Next: 31%
Magic:  4/8        EV: 13    Int: 18    God:
Gold:   109        SH:  0    Dex: 12    Spells: 8/9 levels left

rFire    . . .     SeeInvis .   n - +0 dagger
rCold    + . .     Faith    .   (no shield)
rNeg     . . .     Spirit   .   (helmet restricted)
rPois    .         Reflect  .   (no amulet)
rElec    .         Harm     .   i - +4 ring of slaying
rCorr    .         Rampage  .   m - ring of protection from cold
Will     .....                  (no ring)
Stlth    +++.......             (no ring)
HPRegen  0.09/turn              (no ring)
MPRegen  0.11/turn              (no ring)
                                (no ring)
                                (no ring)

@: very slightly contaminated
A: almost no armour, stealthy swim, amphibious, 8 rings, constrict 8, camouflage
1, gelatinous body 1
a: no special abilities


You were on level 2 of the Dungeon.
You visited 1 branch of the dungeon, and saw 2 of its levels.

You collected 109 gold pieces.

Inventory:

Hand Weapons
 n - a +0 dagger (weapon)
Missiles
 h - 76 stones
Armour
 r - a +0 kite shield
Jewellery
 i - a +4 ring of slaying (left tentacle)
 m - a ring of protection from cold (right tentacle)
Scrolls
 c - 5 scrolls of identify {unknown}
 d - 3 scrolls of teleportation {unknown}
 f - a scroll of enchant weapon {unknown}
 k - 2 scrolls of immolation {unknown}
 l - 2 scrolls of amnesia {unknown}
 o - a scroll of enchant armour {unknown}
 q - a scroll of magic mapping {unknown}
Potions
 a - a potion of degeneration {unknown}
 b - a potion of haste {unknown}
 e - 3 potions of heal wounds {unknown}
 g - a potion of berserk rage {unknown}
 j - a potion of ambrosia {unknown}
 p - a potion of brilliance {unknown}


   Skills:
 - Level 2.0 Dodging
 - Level 2.7 Stealth
 + Level 3.2 Spellcasting
 - Level 1.0 Transmutations
 - Level 5.0 Poison Magic


You had 8 spell levels left.
You knew the following spells:

 Your Spells              Type           Power        Failure   Level
a - Sting                 Tmut/Pois      52%          4%          1

Your spell library contained the following spells:

 Spells                   Type           Power        Failure   Level
 Poisonous Vapours        Pois/Air       22%          9%          2
 Olgreb's Toxic Radiance  Pois           20%          21%         4
 Ignite Poison            Fire/Tmut/Pois 10%          22%         3
 Mephitic Cloud           Conj/Pois/Air  8%           24%         3


Dungeon Overview and Level Annotations

Branches:
Dungeon (2/15)

Altars:

Annotations:
D:2 Crazy Yiuf


Innate Abilities, Weirdness & Mutations

You cannot wear most types of armour.
You are very stealthy in the water. (Stealth+)
You are amphibious.
You can wear up to eight rings at the same time.
You can use your tentacles to constrict eight enemies at once.
Your skin changes colour to match your surroundings (Stealth+).
Your rubbery body absorbs attacks. (AC +1, EV +1)


Message History

Casting: Sting (safe; 4% risk of failure)
Confirm with . or Enter, or press ? or * to list all spells.
Aiming: Sting (safe; 4% risk of failure)
Press: ? - help, Shift-Dir - straight line, f/p - Crazy Yiuf
Aim: Crazy Yiuf, wielding a +3 quarterstaff of chaos and wearing a +2 cloak of preservation (moderately wounded, poisoned, 25% to evade)
You miscast Sting.
You are very lightly contaminated with residual magic.
Nothing appears to happen.
Crazy Yiuf closely misses you.
You see here a club.
Casting: Sting (safe; 4% risk of failure)
Confirm with . or Enter, or press ? or * to list all spells.
Aiming: Sting (safe; 4% risk of failure)
Press: ? - help, Shift-Dir - straight line, f/p - Crazy Yiuf
Aim: Crazy Yiuf, wielding a +3 quarterstaff of chaos and wearing a +2 cloak of preservation (severely wounded, poisoned, 25% to evade)
The sting hits Crazy Yiuf but does no damage.
Crazy Yiuf looks even sicker.
Crazy Yiuf is severely wounded.
Crazy Yiuf hits you with a +3 quarterstaff of chaos!
Ouch! That really hurt!
You die...

#.##....##...##♣♣
#.#####.##......♣♣ ♣♣#.
#................♣♣♣♣.'.
#######.####......♣.g♣#.
#.# ##....♣.♣♣♣
#)#######♣♣♣♣♣ #.#....#
#g#....### # ##@#......#
# #.........#########
#.......####......#
#.......# #......#
##......# #....... #####
#......# #......# #...#
#.#########.......
#(..####.# #.....##.#
#........#####
#.....##.#


You could see Crazy Yiuf (very poisoned).

Vanquished Creatures
  3 adders (D:2)
  An ooze (D:2)
  2 worms (D:2)
  A dart slug (D:2)
  3 giant cockroaches (D:2)
  7 goblins
  4 hobgoblins
  2 jackals (D:1)
  A ball python (D:1)
  2 bats (D:2)
  3 frilled lizards (D:1)
  3 kobolds
  5 rats
37 creatures vanquished.

Notes
Turn   | Place    | Note
-------+----------+-------------------------------------------
     0 | D:1      | thiole the Octopode Venom Mage began the quest for the Orb.
     0 | D:1      | Reached XP level 1. HP: 11/11 MP: 3/3
   184 | D:1      | Reached skill level 4 in Poison Magic
   338 | D:1      | Reached XP level 2. HP: 17/17 MP: 0/5
   869 | D:2      | Reached skill level 5 in Poison Magic
   869 | D:2      | Reached XP level 3. HP: 16/21 MP: 2/6
  1426 | D:2      | Found a runed translucent door.
  1427 | D:2      | Noticed Crazy Yiuf
  1646 | D:2      | Reached XP level 4. HP: 15/27 MP: 1/8
  2198 | D:2      | Slain by Crazy Yiuf

Illustrated notes

Levels and vault maps discovered:
D:1:      roderic_octagonal_star, layout_rooms
D:2:      layout_basic, kennysheep_generic_room_10, uniq_crazy_yiuf_cottage

Skill      XL: |  1  2  3  4 |
---------------+-------------+-----
Poison Magic   | 4 5 |  5.0
Spellcasting   | 3 |  3.2
Dodging        | |  2.0
Stealth        | |  2.7
Transmutations | |  1.0

Action                   |  1- 3 |  4- 6 || total
-------------------------+-------+-------++-------
Melee: Unarmed           |    10 |       ||    10
       Constrict         |     3 |       ||     3
       Dagger            |     1 |     1 ||     2
 Cast: Sting             |    61 |    13 ||    74
 Stab: Sleeping          |       |     1 ||     1
Armor: Skin              |     5 |       ||     5
Dodge: Dodged            |    24 |     5 ||    29
